[Event "*** Titled Tuesday Blitz"]
[Site "Chess.com"]
[Date "2020.04.14"]
[Round "4"]
[White "ftorodent"]
[Black "SPEEDSKATER"]
[Result "1-0"]
[WhiteElo "2691"]
[BlackElo "2816"]
[TimeControl "180+1"]
[EndTime "10:39:31 PDT"]
[Termination "ftorodent won by resignation"]

1. d4 d5 2. c4 c6 3. cxd5 cxd5 4. Bf4 Nf6 5. e3 Nc6 6. Nc3 a6 7. Bd3 Bg4 8. f3 Bh5 9. Nge2 e6 10. O-O Bd6 11. Rc1 O-O 12. Na4 Bxf4 13. Nxf4 Bg6 14. Nc5 Qb6 15. Bxg6 hxg6 16. Qb3 Qxb3 17. Nxb3 Nd7 18.
Nd3 Rfc8 19. Kf2 Kf8 20. Nbc5 Nxc5 21. Nxc5 Nd8 22. Nd7+ Ke8 23. Nb6 Rxc1 24. Rxc1 Ra7 25. Nc8 Ra8 26. Nb6 Ra7 27. Rc7 a5 28. Nd7 Ra6 29.
Nc5 Rc6 30. Rxc6 bxc6 31. Ke2 Ke7 32. Kd3 Kd6 33. Kc3 Kc7 34. b4 Kb6 35. a4 f6 36.
f4 axb4+ 37. Kxb4 Kc7 38. a5 g5 39.
fxg5 fxg5 40. g4 g6 41. h3 Kb8 42. a6 Ka7 43. Ka5 Nf7 44. Nxe6 Nd6 45. Nxg5 Nc4+ 46. Kb4 Kb6 47. e4 Kxa6 48. Kc5 Kb7 49. exd5 cxd5 50. Kxd5 Nd2 51. Ke6 Nc4 52. d5 Kc7 53. Nf7 Nd2 54.
d6+ 1-0

[Event "*** Titled Tuesday Blitz"]
[Site "Chess.com"]
[Date "2020.04.14"]
[Round "4"]
[White "MilanovicDan"]
[Black "Algeriano22"]
[Result "1-0"]
[WhiteElo "2424"]
[BlackElo "2614"]
[TimeControl "180+1"]
[EndTime "10:39:31 PDT"]
[Termination "MilanovicDan won on time"]

1. d4 Nf6 2. c4 d6 3. Nc3 g6 4. e4 Bg7 5. Bg5 O-O 6. Qd2 Nbd7 7. Nf3 e5 8. Be2 Re8 9. O-O exd4 10.
Nxd4 c6 11. f3 a5 12. Rad1 a4 13. Kh1 Qa5 14. Nc2 Ne5 15. b4 axb3 16. axb3 Nfd7 17.
Ra1 Nxf3 18. Rxf3 Qxa1+ 19. Nxa1 Rxa1+ 20. Rf1 Ra3 21. Bd1 Nc5 22. Qxd6 Bf8 23. Qf4 Be6 24.
Nd5 cxd5 25. cxd5 Nd3 26. Qd2 Ne5 27. dxe6 Rxe6 28. Qd8 Nc6 29. Qc8 Rd6 30. Be2 Rd8 31. Bxd8 1-0

[Event "*** Titled Tuesday Blitz"]
[Site "Chess.com"]
[Date "2020.04.14"]
[Round "4"]
[White "GasconJR"]
[Black "Eloist"]
[Result "1/2-1/2"]
[WhiteElo "2438"]
[BlackElo "2267"]
[TimeControl "180+1"]
[EndTime "10:39:31 PDT"]
[Termination "Game drawn by repetition"]

1. e4 e6 2. d4 d5 3. Nc3 Nf6 4. e5 Nfd7 5. f4 c5 6. Nf3 Nc6 7. Be3 a6 8. Qd2 b5 9. dxc5 Bxc5 10. Bd3 Qb6 11. Bf2 Bb7 12. O-O Bxf2+ 13. Rxf2 h6 14.
Kh1 O-O 15. Re1 Rfe8 16. Rff1 b4 17. Na4 Qa5 18. b3 Nc5 19. Nxc5 Qxc5 20. f5 exf5 21. Bxf5 Bc8 22. Bd3 a5 23. Qf4 Ba6 24. Ng5 Nxe5 25. Rxe5 Rxe5 26. Qxf7+ Kh8 27. Qg6 Bxd3 28. Nf7+ Kg8 29.
Nxh6+ Kh8 30. Nf7+ Kg8 31. cxd3 Qf2 32. Nh6+ Kh8 33.
Nf7+ Kg8 34. Nh6+ Kh8 35. Nf7+ Kg8 1/2-1/2

[Event "*** Titled Tuesday Blitz"]
[Site "Chess.com"]
[Date "2020.04.14"]
[Round "4"]
[White "terrapin33"]
[Black "gmkomarov"]
[Result "0-1"]
[WhiteElo "2146"]
[BlackElo "2400"]
[TimeControl "180+1"]
[EndTime "10:39:31 PDT"]
[Termination "gmkomarov won by resignation"]

1. d4 Nf6 2. Bg5 d5 3. c4 dxc4 4. Nc3 c6 5. a4 Qa5 6. Nf3 Ne4 7. Bd2 Nxd2 8. Qxd2 b5 9. e4 e6 10. Be2 Bb4 11. O-O Qb6 12. Ne5 O-O 13. Rfd1 Nd7 14. a5 Bxa5 15. Nxc6 Bxc3 16. Ne7+ Kh8 17. bxc3 Bb7 18.
Qf4 Nf6 19. d5 exd5 20. exd5 Rad8 21. d6 Rd7 22. Nf5 Ne4 23. Rd4 Nxc3 24. Bg4 f6 25.
Ne7 Rfd8 26. Re1 Rxd6 27. Rxd6 Qxd6 28. Qxd6 Rxd6 29. Nd5 Bxd5 30. Re8+ Bg8 31. h4 g6 32.
Ra8 b4 33. Rxa7 b3 34. Rb7 Bd5 35. Rb8+ Kg7 36. Kh2 0-1

[Event "*** Titled Tuesday Blitz"]
[Site "Chess.com"]
[Date "2020.04.14"]
[Round "4"]
[White "YQPerez"]
[Black "temus_galaktionov"]
[Result "0-1"]
[WhiteElo "2972"]
[BlackElo "2776"]
[TimeControl "180+1"]
[EndTime "10:39:32 PDT"]
[Termination "temus_galaktionov won on time"]

1. e4 c6 2. c4 g6 3. Nc3 Bg7 4. Nf3 d6 5. g3 Nd7 6. Bg2 e5 7. d3 Ngf6 8. O-O O-O 9. h3 Nc5 10. b4 Ne6 11. Rb1 Nd7 12. a4 a5 13. b5 Ndc5 14.
Ba3 Bd7 15. Qc2 f5 16. exf5 gxf5 17. Bxc5 Nxc5 18. Nd2 Qg5 19. Nb3 Ne6 20. Qc1 Qg6 21. Kh2 h5 22. Qd2 h4 23. Rg1 hxg3+ 24. fxg3 Rf7 25.
Bf3 Bh6 26. Qe2 Rh7 27. Bh5 Qg5 28. h4 Qf6 29. Rbf1 Rf8 30. bxc6 bxc6 31. Bg4 Qg6 32.
Bh3 Bg7 33. Qf3 Ng5 34. hxg5 e4 35. Qe3 Bxc3 36. Kg2 f4 37. Rxf4 Bxh3+ 38. Kf2 Rxf4+ 39. gxf4 exd3 0-1

[Event "*** Titled Tuesday Blitz"]
[Site "Chess.com"]
[Date "2020.04.14"]
[Round "4"]
[White "Duhless"]
[Black "Rozum_Ivan"]
[Result "1-0"]
[WhiteElo "3087"]
[BlackElo "2773"]
[TimeControl "180+1"]
[EndTime "10:39:33 PDT"]
[Termination "Duhless won on time"]

1. d4 Nf6 2. Nf3 e6 3. Bg5 h6 4. Bxf6 Qxf6 5. e4 d6 6. Bc4 Qd8 7. Nbd2 Be7 8. Qe2 Nd7 9. O-O-O c6 10. Kb1 d5 11. Bd3 Qc7 12. exd5 cxd5 13. h4 a6 14. g4 b5 15. g5 Nb6 16. Ne5 Bd6 17. g6 Bxe5 18.
dxe5 Bb7 19. Rhg1 O-O-O 20. f4 Rhf8 21. f5 exf5 22. Bxf5+ Kb8 23. gxf7 Rxf7 24. Bh3 Re7 25. e6 Bc8 26. Nb3 Nc4 27. Nd4 Rf8 28. Rgf1 Rxf1 29. Rxf1 Bb7 30. Rf8+ Ka7 31. Qf2 Qb6 32. Rf7 Re8 33. b3 Ne5 34. Rxg7 Ka8 35. Bg2 Qc5 36. Qf4 Nc6 37. Qc7 1-0

[Event "*** Titled Tuesday Blitz"]
[Site "Chess.com"]
[Date "2020.04.14"]
[Round "4"]
[White "JulAnt"]
[Black "DaggiGretarsson"]
[Result "1-0"]
[WhiteElo "2461"]
[BlackElo "2638"]
[TimeControl "180+1"]
[EndTime "10:39:33 PDT"]
[Termination "JulAnt won on time"]

1. e4 g6 2. d4 Bg7 3. Nc3 d6 4. Be3 a6 5. h4 Nf6 6. f3 h5 7. Qd2 b5 8. Nh3 Bxh3 9. Rxh3 Nbd7 10. O-O-O c6 11. Be2 Nb6 12. Bg5 Qc7 13. Qe3 b4 14. Nb1 d5 15. e5 Ng8 16. e6 f6 17. Bf4 Qxf4 18. Qxf4 Bh6 19. Qxh6 Nxh6 20. Bd3 f5 21. Nd2 a5 22. Nb3 a4 23. Nc5 O-O 24. Re1 Kg7 25.
Rhh1 Ra7 26. Re2 f4 27. c3 bxc3 28. bxc3 Nf5 29. Bxf5 Rxf5 30. Kc2 Nc4 31. Kd3 a3 32. Rb1 Nb2+ 33. Kc2 g5 34. hxg5 Rxg5 35. Nd3 Nxd3 36. Kxd3 Kf6 37. Rb6 Rc7 38. Ra6 c5 39. dxc5 Rxc5 40.
Rxa3 Rc6 41. Ra4 Rxe6 42. Rxf4+ 1-0

[Event "*** Titled Tuesday Blitz"]
[Site "Chess.com"]
[Date "2020.04.14"]
[Round "4"]
[White "CMS13"]
[Black "Sanyura"]
[Result "0-1"]
[WhiteElo "2132"]
[BlackElo "2398"]
[TimeControl "180+1"]
[EndTime "10:39:33 PDT"]
[Termination "Sanyura won on time"]

1. e4 c5 2. Nc3 e6 3. Nf3 Nc6 4.
d4 cxd4 5. Nxd4 Nf6 6. a3 Be7 7. f4 O-O 8. Be3 d5 9. e5 Nd7 10. Bd3 Nxd4 11. Bxd4 Bc5 12. Bxc5 Nxc5 13. O-O f5 14.
exf6 Qxf6 15. f5 Qd4+ 16. Kh1 exf5 17. Nb5 Qe5 18. Re1 Ne4 19. Qf3 Bd7 20. Nc3 Rae8 21. b3 Bc6 22. b4 a6 23. b5 axb5 24. Nxb5 Qb2 25. Reb1 Qf6 26. Nc7 Rc8 27. Nb5 Bxb5 28.
Bxb5 Rc3 29. Qe2 Qh4 30. g4 Ng3+ 31. Kg2 Nxe2 32. Bxe2 Rxc2 33. Re1 fxg4 0-1

[Event "*** Titled Tuesday Blitz"]
[Site "Chess.com"]
[Date "2020.04.14"]
[Round "4"]
[White "vasblesk"]
[Black "monikarozman"]
[Result "1-0"]
[WhiteElo "2370"]
[BlackElo "2147"]
[TimeControl "180+1"]
[EndTime "10:39:33 PDT"]
[Termination "vasblesk won by resignation"]

1. d4 d5 2. c4 c6 3. Nc3 Nf6 4. Nf3 Bf5 5. Bf4 e6 6. cxd5 exd5 7. e3 Nbd7 8. Nh4 Bg6 9. Nxg6 hxg6 10. Bd3 Nh5 11. Qf3 Nxf4 12. Qxf4 Bb4 13. a3 Ba5 14.
b4 Bc7 15. Qf3 Nf6 16. h3 Qd6 17. g4 Qe6 18. Na4 Nd7 19. Rb1 b5 20. Nc3 Nb6 21. Kd2 O-O 22. h4 a5 23. h5 axb4 24. axb4 Nc4+ 25.
Bxc4 bxc4 26. Ra1 Rxa1 27. Rxa1 f5 28. gxf5 gxf5 29. Ra7 Bd6 30. Rb7 Qf6 31. b5 cxb5 32.
Nxd5 f4 33. Nxf6+ Rxf6 1-0

[Event "*** Titled Tuesday Blitz"]
[Site "Chess.com"]
[Date "2020.04.14"]
[Round "4"]
[White "maxsergej"]
[Black "Boudicca64"]
[Result "1-0"]
[WhiteElo "2239"]
[BlackElo "2030"]
[TimeControl "180+1"]
[EndTime "10:39:33 PDT"]
[Termination "maxsergej won on time"]

1. e4 d5 2. exd5 Qxd5 3. Nc3 Qa5 4. d4 Nf6 5. Nf3 Bg4 6. h3 Bh5 7. g4 Bg6 8. Ne5 Nbd7 9. Nxd7 Nxd7 10. Bg2 e6 11.
Bxb7 Rb8 12. Bg2 Bd6 13. O-O O-O 14. Ne4 e5 15. Nxd6 cxd6 16. c3 Rfd8 17. a4 f5 18. b4 Qc7 19. Bb2 fxg4 20. hxg4 Nf6 21. Qb3+ Kh8 22. f3 Qe7 23. Rae1 Bd3 24. Rf2 e4 25. c4 Qc7 26. fxe4 Bxc4 27. Qc3 Nxg4 28. Rf4 Nf6 29. d5 Re8 30. e5 dxe5 31. Rxc4 Qd6 32. Rc6 Nxd5 33. Rxd6 Nxc3 34. Bxc3 Rbc8 35. Bxe5 Rc2 36.
Bxg7+ 1-0

[Event "*** Titled Tuesday Blitz"]
[Site "Chess.com"]
[Date "2020.04.14"]
[Round "4"]
[White "wonderfultime"]
[Black "Bulldog167"]
[Result "1/2-1/2"]
[WhiteElo "2944"]
[BlackElo "2754"]
[TimeControl "180+1"]
[EndTime "10:39:34 PDT"]
[Termination "Game drawn by repetition"]

1. d4 Nf6 2. Nf3 e6 3. c4 d5 4.
Nc3 dxc4 5. e4 Bb4 6. Bg5 h6 7. Bxf6 Qxf6 8. Bxc4 c5 9. O-O cxd4 10. e5 Qd8 11. Nxd4 Bxc3 12. bxc3 Bd7 13. f4 Nc6 14. f5 Nxd4 15. cxd4 exf5 16. d5 O-O 17. Kh1 Rc8 18.
Bb3 Bb5 19. Rxf5 Qh4 20. e6 fxe6 21. Rxf8+ Rxf8 22. dxe6 Kh8 23. Qd5 Bc6 24. Qe5 Bxg2+ 25. Kxg2 Qf2+ 26. Kh1 Qf3+ 27. Kg1 Qf2+ 28. Kh1 Qf3+ 29.
Kg1 Qf2+ 30. Kh1 1/2-1/2

[Event "*** Titled Tuesday Blitz"]
[Site "Chess.com"]
[Date "2020.04.14"]
[Round "4"]
[White "willc-h99"]
[Black "IMRosen"]
[Result "0-1"]
[WhiteElo "2313"]
[BlackElo "2498"]
[TimeControl "180+1"]
[EndTime "10:39:34 PDT"]
[Termination "IMRosen won on time"]

1. c4 e6 2. g3 d5 3. Bg2 Nf6 4. Nf3 dxc4 5. Qa4+ c6 6. Qxc4 b5 7. Qc2 Bb7 8. O-O Nbd7 9. a4 a6 10. d4 Be7 11. Bg5 O-O 12. Nbd2 Qb6 13. Rfd1 Rfd8 14.
Qb3 c5 15. axb5 axb5 16. Rxa8 Bxa8 17. Ne5 Bxg2 18. Nxd7 Rxd7 19. Kxg2 cxd4 20. Bxf6 Bxf6 21. Ne4 Qc6 22. f3 Bd8 23. Qd3 Bb6 24. Ra1 h6 25. g4 Qd5 26. Ra6 Bc7 27. Ra7 Bf4 28.
Rxd7 Qxd7 29. Nc5 Qd6 30. Qxb5 Bxh2 31. Ne4 Qb8 32. Qh5 Bf4 33. g5 Qxb2 34. Kf2 d3 0-1

[Event "*** Titled Tuesday Blitz"]
[Site "Chess.com"]
[Date "2020.04.14"]
[Round "4"]
[White "Budisavljevic"]
[Black "HrvojeZagreb"]
[Result "1-0"]
[WhiteElo "2422"]
[BlackElo "2193"]
[TimeControl "180+1"]
[EndTime "10:39:34 PDT"]
[Termination "Budisavljevic won by resignation"]

1. d4 e6 2. Bf4 f5 3. Nf3 b6 4.
e3 Bb7 5. Bd3 Nf6 6. O-O Be7 7.
Nbd2 O-O 8. h3 Ne4 9. c3 d5 10. c4 c5 11. Rc1 Nd7 12. cxd5 exd5 13. dxc5 bxc5 14. Bb5 Nb6 15. Ne5 Bf6 16. Nxe4 fxe4 17.
Nc6 Bxc6 18. Bxc6 Rc8 19. Bb7 Bxb2 20. Bxc8 Qxc8 21. Rb1 Bf6 22. Qc2 Re8 23. Rfc1 Nc4 24. Qa4 Qe6 25. Qxa7 g5 26. Bg3 Nd2 27. Rb8 Nf3+ 28.
gxf3 exf3 29. Rxe8+ Qxe8 30. Qxc5 Qe6 31. Qc8+ Qxc8 32.
Rxc8+ Kf7 33. a4 1-0

[Event "*** Titled Tuesday Blitz"]
[Site "Chess.com"]
[Date "2020.04.14"]
[Round "4"]
[White "ecwinslow"]
[Black "Enriquack"]
[Result "0-1"]
[WhiteElo "2101"]
[BlackElo "2266"]
[TimeControl "180+1"]
[EndTime "10:39:34 PDT"]
[Termination "Enriquack won on time"]

1. d4 Nf6 2. c4 g6 3. Nc3 d5 4. cxd5 Nxd5 5. e4 Nxc3 6. bxc3 Bg7 7. Bc4 O-O 8. Ne2 Nc6 9. Bg5 b6 10. Qd2 Bb7 11. Bh6 Na5 12. Bd3 e5 13. d5 c6 14. c4 cxd5 15. cxd5 Qd6 16. h4 Rac8 17. h5 Nc4 18. Bxc4 Rxc4 19. Bxg7 Kxg7 20. hxg6 Qxg6 21. Ng3 Rfc8 22. Rh6 Qg4 23. Rh4 Qg6 24. Nf5+ Kh8 25. Kf1 Ba6 26. Kg1 Rc2 27. Qe3 R8c3 28. Qe1 Rc4 29. Rd1 Qg5 30. d6 Rc1 31. d7 Rxd1 32. Qxd1 Qd8 0-1

[Event "*** Titled Tuesday Blitz"]
[Site "Chess.com"]
[Date "2020.04.14"]
[Round "4"]
[White "Bykov_Egor"]
[Black "S2PAc"]
[Result "1-0"]
[WhiteElo "2563"]
[BlackElo "2749"]
[TimeControl "180+1"]
[EndTime "10:39:35 PDT"]
[Termination "Bykov_Egor won by resignation"]

1. Nf3 g6 2. d4 Bg7 3. c4 Nf6 4. Nc3 O-O 5. e4 c6 6. Be2 d5 7. e5 Ne4 8. O-O Nxc3 9. bxc3 Nd7 10. Bg5 dxc4 11. Bxc4 Nb6 12. Bb3 Bf5 13. Re1 h6 14. Bc1 Kh7 15. a4 a5 16. Nh4 Bc8 17. Qd3 Nd5 18.
e6 f5 19. g4 Bf6 20. Qh3 Bxh4 21. Qxh4 f4 22. Bc2 Kg7 23. Bb2 g5 24. Qh3 b5 25.
Qd3 Nf6 26. Qg6+ Kh8 27. Qxh6+ Kg8 28. Re5 1-0

[Event "*** Titled Tuesday Blitz"]
[Site "Chess.com"]
[Date "2020.04.14"]
[Round "4"]
[White "Agent-JL"]
[Black "Jenia84"]
[Result "0-1"]
[WhiteElo "2552"]
[BlackElo "2337"]
[TimeControl "180+1"]
[EndTime "10:39:36 PDT"]
[Termination "Jenia84 won on time"]

1. b4 Nf6 2. Bb2 e6 3. a3 c5 4.
bxc5 Bxc5 5. e3 Nc6 6. Nf3 b6 7.
Be2 Bb7 8. O-O O-O 9. c4 Rc8 10.
d4 Be7 11. Nbd2 Na5 12. Rc1 Ne4 13. Bd3 Nxd2 14. Nxd2 f5 15. Re1 Bd6 16. e4 Bf4 17. Bc3 fxe4 18. Bxa5 exd3 19. Bb4 Qh4 20. g3 Qh3 21.
Ne4 Bxc1 22. Qxc1 Rf5 23. f4 Rh5 24. Qd2 Rxc4 25. Nc3 Rxd4 26. Nd1 Rxf4 27. Ne3 Rf3 28. Rf1 Rxg3+ 29. hxg3 Qxg3+ 30. Ng2 Qh2+ 31. Kf2 Qxg2+ 32.
Ke1 Re5+ 33. Kd1 Qxf1+ 34. Qe1 Rxe1+ 0-1

[Event "*** Titled Tuesday Blitz"]
[Site "Chess.com"]
[Date "2020.04.14"]
[Round "4"]
[White "IvanRadivojevic"]
[Black "BojanR1"]
[Result "1/2-1/2"]
[WhiteElo "2510"]
[BlackElo "2337"]
[TimeControl "180+1"]
[EndTime "10:39:36 PDT"]
[Termination "Game drawn by repetition"]

1. e4 c5 2. Nc3 Nc6 3. f4 e6 4. Nf3 d6 5. Bb5 Qc7 6. d3 a6 7. Bxc6+ Qxc6 8. O-O b5 9. Be3 Bb7 10. Qe1 Nf6 11. a3 Be7 12. Kh1 O-O 13. Qg3 b4 14.
Ne2 d5 15. e5 Ne8 16. d4 bxa3 17. Rxa3 cxd4 18. Nexd4 Qc4 19. Raa1 Nc7 20. f5 f6 21.
b3 Qc3 22. Bd2 Qc5 23. fxe6 fxe5 24. Qxe5 Bf6 25. Qe3 Rae8 26. Rae1 Bxd4 27. Nxd4 Rxf1+ 28. Rxf1 Nxe6 29. Nxe6 Qxe3 30. Bxe3 Rxe6 31. Bd4 Re2 32. c3 Bc8 33. h3 h6 34. b4 Bd7 35. Kg1 Bb5 36. Rf5 Bc4 37. Re5 Kf7 38. Rxe2 Bxe2 39. Kf2 Bc4 40. g3 g6 41. h4 h5 42. Ke3 Ke6 43. Kf4 Bd3 44. Kg5 Kf7 45. Bh8 Ke6 46. Bd4 Kf7 47. Bh8 Ke6 48. Bd4 1/2-1/2

[Event "*** Titled Tuesday Blitz"]
[Site "Chess.com"]
[Date "2020.04.14"]
[Round "4"]
[White "northridgehawk"]
[Black "KinKaiser"]
[Result "0-1"]
[WhiteElo "2280"]
[BlackElo "2482"]
[TimeControl "180+1"]
[EndTime "10:39:36 PDT"]
[Termination "KinKaiser won by checkmate"]

1. e4 c5 2. Nf3 d6 3. d4 cxd4 4. Nxd4 Nf6 5. Nc3 a6 6. h3 e6 7. g4 d5 8. exd5 Nxd5 9. Bg2 Nxc3 10. bxc3 Qc7 11. Bd2 Bd6 12. O-O O-O 13. Rb1 Nd7 14. Qe2 Nc5 15. g5 e5 16. Nf3 Bf5 17. Be3 Rfe8 18.
Nh4 Bc8 19. Rfd1 Rb8 20. c4 b6 21. Bd5 Be6 22. Qf3 g6 23. Ng2 Qe7 24. h4 e4 25. Qe2 Na4 26. Bd4 Bxd5 27. cxd5 b5 28. Bf6 Qd7 29. Ne3 h5 30. gxh6 Qh3 31. Ng4 Rbc8 32. Rb3 Nc3 33. Bxc3 Rxc3 34. Nf6+ Kf8 35. Rxc3 Bh2+ 36. Kh1 Bg3+ 37. Kg1 Qh2+ 38. Kf1 Qh1# 0-1

[Event "*** Titled Tuesday Blitz"]
[Site "Chess.com"]
[Date "2020.04.14"]
[Round "4"]
[White "RaphCamora"]
[Black "Hikaru"]
[Result "0-1"]
[WhiteElo "2431"]
[BlackElo "3241"]
[TimeControl "180+1"]
[EndTime "10:39:37 PDT"]
[Termination "Hikaru won by resignation"]

1. e4 e6 2. d4 d5 3. Nd2 Nc6 4. Ngf3 Nf6 5. e5 Nd7 6. Be2 f6 7. exf6 Qxf6 8. Nf1 Bd6 9. Ne3 O-O 10. O-O Qe7 11.
c4 Nf6 12. b3 Bf4 13. Bb2 Rd8 14.
Qc2 Bd7 15. Rad1 Be8 16. Rfe1 Bg6 17. Qc1 Qf7 18. g3 Bh6 19. Rf1 Ng4 20. Bc3 Be4 21.
Ne1 Nxe3 22. fxe3 Qe7 23. Bf3 Rf8 24. Bxe4 Rxf1+ 25. Kxf1 dxe4 26. Qd2 Rf8+ 27. Kg2 Qf7 28. Qe2 Bxe3 29. d5 exd5 30. cxd5 Ne7 31. d6 cxd6 32.
Rxd6 Nf5 33. Rd1 Bb6 34. Qc4 Ne3+ 0-1

[Event "*** Titled Tuesday Blitz"]
[Site "Chess.com"]
[Date "2020.04.14"]
[Round "4"]
[White "Fandorine"]
[Black "AshotParvanyan"]
[Result "1-0"]
[WhiteElo "2907"]
[BlackElo "2588"]
[TimeControl "180+1"]
[EndTime "10:39:37 PDT"]
[Termination "Fandorine won on time"]

1. e4 e6 2. d4 d5 3. Bd3 dxe4 4. Bxe4 Nf6 5. Bf3 Nbd7 6. Nc3 c6 7. Bf4 Be7 8. Nge2 O-O 9. O-O Nb6 10. Bg3 Nbd5 11. a4 Bd6 12. Re1 Bxg3 13. hxg3 Re8 14. Qd2 a5 15. Nf4 Qb6 16. Ncxd5 exd5 17. Rxe8+ Nxe8 18. Re1 Bf5 19. Bxd5 Qxb2 20. Bb3 Nf6 21. f3 Qa3 22. g4 Bg6 23. g5 Nd5 24. Nxd5 cxd5 25. Bxd5 Qxa4 26.
Bxb7 Rd8 27. c3 Qb5 28. Qe3 a4 29. c4 Qd7 30. d5 Rf8 31. Bc6 Qd6 32. c5 1-0

[Event "*** Titled Tuesday Blitz"]
[Site "Chess.com"]
[Date "2020.04.14"]
[Round "4"]
[White "gmjoey1"]
[Black "SanQui14"]
[Result "1-0"]
[WhiteElo "2560"]
[BlackElo "2320"]
[TimeControl "180+1"]
[EndTime "10:39:37 PDT"]
[Termination "gmjoey1 won by resignation"]

1. e4 c5 2. c3 g6 3. d4 cxd4 4. cxd4 d5 5. Nc3 dxe4 6. Bc4 Bg7 7. Qb3 e6 8. d5 Ne7 9. dxe6 f5 10. Bf4 Nbc6 11.
Rd1 Qa5 12. Ne2 O-O 13. O-O a6 14. Bd6 Re8 15. a4 b6 16. Nd5 Bb7 17. Qxb6 Qxb6 18.
Nxb6 Rad8 19. Bxe7 Nxe7 20. Rd7 Bc6 21. Ra7 Bxb2 22.
Rxa6 Bf6 23. Nd7 Kg7 24. Ra7 e3 25. fxe3 Bg5 26. Nf4 Rc8 27. Ne5 Be4 28. Bb5 Rc2 29. Bxe8 Bxf4 30. Rxf4 Rxg2+ 31. Kf1 Rxh2 32. Rxe7+ Kf6 33.
Rf7+ Kxe5 34. e7 Rh1+ 35. Ke2 Rh2+ 36. Rf2 Bd3+ 37. Kxd3 Rxf2 38. Bb5 f4 39. e8=Q+ 1-0

[Event "*** Titled Tuesday Blitz"]
[Site "Chess.com"]
[Date "2020.04.14"]
[Round "4"]
[White "SamuelGhimpu2003"]
[Black "2165149677570"]
[Result "1-0"]
[WhiteElo "2557"]
[BlackElo "2313"]
[TimeControl "180+1"]
[EndTime "10:39:37 PDT"]
[Termination "SamuelGhimpu2003 won by checkmate"]

1. e4 c5 2. Nf3 d6 3. d4 cxd4 4.
Nxd4 Nf6 5. Nc3 a6 6. h3 e5 7.
Nde2 b5 8. g4 b4 9. Nd5 Nxd5 10.
Qxd5 Ra7 11. Bg2 Be6 12. Qd1 Be7 13. O-O O-O 14. a3 b3 15. cxb3 a5 16. Nc3 Nc6 17.
Be3 Rb7 18. Nd5 Qb8 19. b4 axb4 20. a4 Bd8 21. b3 Ne7 22. a5 Nxd5 23. exd5 Bd7 24. a6 Rb5 25. a7 Qa8 26. Qd2 Bb6 27. Rfc1 f5 28. Ra6 Bxe3 29. Qxe3 fxg4 30. Rxd6 gxh3 31. Rxd7 hxg2 32. Qg5 g6 33. Qh6 Rf7 34. Rcc7 Rxd5 35. Qg7+ Kxg7 36. Rxf7+ Kh6 37. Rxh7+ Kg5 38. Rb7 Rd1+ 39. Kxg2 Qd8 40. Rhd7 Rxd7 41. Rxd7 Qa8+ 42. Kg3 Kf5 43. f3 e4 44. Rg7 exf3 45.
Kf2 Kf6 46. Rd7 g5 47. Rd6+ Kf5 48. Ra6 Kg4 49. Ra4 Kh3 50. Ra6 g4 51. Rh6# 1-0

[Event "*** Titled Tuesday Blitz"]
[Site "Chess.com"]
[Date "2020.04.14"]
[Round "4"]
[White "PowerThinking2650"]
[Black "White_Ghost"]
[Result "1-0"]
[WhiteElo "2214"]
[BlackElo "2490"]
[TimeControl "180+1"]
[EndTime "10:39:37 PDT"]
[Termination "PowerThinking2650 won on time"]

1. e4 e5 2. Nf3 Nc6 3. Nc3 Nf6 4. d4 exd4 5. Nxd4 Bb4 6. Nxc6 bxc6 7. Bd3 d5 8. exd5 cxd5 9. O-O O-O 10. Bg5 c6 11. Qf3 Bd6 12. Bxf6 Qxf6 13. Qxf6 gxf6 14.
Ne2 f5 15. Nd4 c5 16. Nxf5 Bxf5 17. Bxf5 Be5 18. Rab1 Rab8 19. b3 Bc3 20. Rbd1 d4 21. Rd3 h6 22. Rg3+ Kh8 23. Bd3 Rb6 24. Rf3 Kg7 25.
Rf5 Bb4 26. Bc4 Kg6 27. Rd5 a5 28. g3 Re6 29. Kg2 Rfe8 30. Rd1 Re5 31. Rd6+ Kg7 32. Rd3 Rf5 33. Rf3 Ree5 34. Rxf5 Rxf5 35. f4 Rf6 36. Rd7 Kf8 37. Kf3 Bc3 38. Rc7 Bb4 39. g4 Bd2 40. f5 Bb4 41. h4 Kg7 42. Ke4 Bd2 43.
Rxc5 Rd6 44. Rc7 Kh8 45. Rxf7 Rd8 46. Kd3 Bc3 47. Be6 Rc8 48. g5 1-0

[Event "*** Titled Tuesday Blitz"]
[Site "Chess.com"]
[Date "2020.04.14"]
[Round "4"]
[White "TV27"]
[Black "Larax"]
[Result "0-1"]
[WhiteElo "2069"]
[BlackElo "2390"]
[TimeControl "180+1"]
[EndTime "10:39:37 PDT"]
[Termination "Larax won by resignation"]

1. c4 e5 2. Nc3 Bb4 3. Nd5 a5 4.
Nxb4 axb4 5. g3 d5 6. cxd5 Qxd5 7.
f3 Nc6 8. b3 f5 9. Nh3 Nf6 10.
Nf2 O-O 11. Bg2 Be6 12. O-O Rfd8 13. d3 Nd4 14. Bg5 c6 15. e4 Qd7 16. f4 exf4 17.
gxf4 Rf8 18. Bxf6 Rxf6 19. Nh1 Raf8 20. e5 R6f7 21. Ng3 Bd5 22. Qd2 Bxg2 23. Qxg2 Nb5 24. Rad1 Qd4+ 25. Qf2 Rd7 26. Qxd4 Rxd4 27. Ne2 Rd7 28.
d4 Rfd8 29. Kf2 Nxd4 30. Nxd4 Rxd4 31. Rxd4 Rxd4 32. Ke3 Re4+ 33. Kf3 Rd4 34. Ke3 c5 35. Rc1 b6 36. Rc4 Rd7 37. Rc2 Kf7 38. h4 Ke6 39. Rd2 Rxd2 40. Kxd2 b5 41. Kd3 g6 42. Ke3 c4 43.
bxc4 bxc4 44. Kd4 c3 45. Kd3 h6 46. a4 bxa3 47. Kxc3 g5 48. fxg5 hxg5 49. hxg5 Kxe5 50. Kb3 f4 0-1

[Event "*** Titled Tuesday Blitz"]
[Site "Chess.com"]
[Date "2020.04.14"]
[Round "4"]
[White "Belgrade"]
[Black "diskeleven"]
[Result "0-1"]
[WhiteElo "2060"]
[BlackElo "2334"]
[TimeControl "180+1"]
[EndTime "10:39:37 PDT"]
[Termination "diskeleven won on time"]

1. e4 c5 2. Nf3 e6 3. d4 cxd4 4.
Nxd4 a6 5. Bd3 Nf6 6. O-O Qc7 7. Nd2 d6 8. Qe2 Nbd7 9. Kh1 b6 10. f4 Bb7 11. N2f3 g6 12. Bd2 Bg7 13. Rae1 e5 14. fxe5 dxe5 15. Nb3 b5 16. Ba5 Qc8 17. Bb4 h6 18. c4 Bf8 19. Bxf8 Kxf8 20. cxb5 axb5 21.
Rc1 Qd8 22. Bxb5 Rxa2 23. Rcd1 Qe7 24. Bc4 Ra7 25. Qe3 Ra8 26. Nfd2 Kg7 27. Rf3 Rhf8 28. Rdf1 Ng4 29. Qe2 f5 30. Rg3 Qh4 31. Rh3 Qg5 32. exf5 Rxf5 33. Rxf5 Qxf5 34. Bd3 Nf2+ 35. Kg1 Nxh3+ 36.
gxh3 Qg5+ 0-1

[Event "*** Titled Tuesday Blitz"]
[Site "Chess.com"]
[Date "2020.04.14"]
[Round "4"]
[White "KazakhFighter04"]
[Black "BilodeauA"]
[Result "1/2-1/2"]
[WhiteElo "2731"]
[BlackElo "2904"]
[TimeControl "180+1"]
[EndTime "10:39:38 PDT"]
[Termination "Game drawn by agreement"]

1. d4 d5 2. c4 dxc4 3. e4 Nf6 4. e5 Nd5 5. Bxc4 Nb6 6. Bb3 Nc6 7. Nf3 Bf5 8. Nc3 e6 9. Be3 Be7 10. O-O Qd7 11. d5 exd5 12. Nxd5 Nxd5 13. Qxd5 Qxd5 14. Bxd5 Nd8 15. Nd4 Bd7 16. f4 c6 17. Be4 O-O 18. Nf5 Bxf5 19. Bxf5 Ne6 20. Rfd1 Rfd8 21. Kf2 g6 22.
Be4 Bc5 23. Rac1 Bb6 24. g3 Kf8 25. b4 Ke7 26. a4 f5 27. Bf3 Bxe3+ 28. Kxe3 a6 29. h4 h5 30. Be2 a5 31. b5 Rxd1 32.
Rxd1 Rd8 33. Rxd8 Nxd8 34. bxc6 Nxc6 35. Bb5 Nb4 36. Kd4 b6 1/2-1/2

[Event "*** Titled Tuesday Blitz"]
[Site "Chess.com"]
[Date "2020.04.14"]
[Round "4"]
[White "moro182"]
[Black "GMMatamoros"]
[Result "1-0"]
[WhiteElo "2685"]
[BlackElo "2504"]
[TimeControl "180+1"]
[EndTime "10:39:38 PDT"]
[Termination "moro182 won on time"]

1. Nf3 Nf6 2. d4 c5 3. c4 cxd4 4. Nxd4 e5 5. Nb5 d5 6. cxd5 Bc5 7. e3 O-O 8. N5c3 e4 9. Be2 Qe7 10. a3 a5 11. Nd2 Rd8 12. Qc2 Bf5 13. b3 Nxd5 14.
Nxd5 Rxd5 15. Bb2 Nd7 16. O-O Ne5 17. Rfd1 Nd3 18. Bxd3 Rxd3 19. a4 Bb4 20. Nc4 Rad8 21. Bd4 Qg5 22. Rxd3 exd3 23. Qd1 h5 24. Qf1 d2 25. Qd1 Rxd4 26. exd4 Qf4 27. Ne3 Bg6 28. d5 Qd4 29. Ra2 Qc3 30. Nf1 1-0